[Event "*** Titled Tuesday Blitz AM"]
[Site "Chess.com"]
[Date "2020.01.07"]
[Round "5"]
[White "WelshTiger"]
[Black "MikeSailer"]
[Result "1-0"]
[WhiteElo "2383"]
[BlackElo "2108"]
[TimeControl "180+2"]
[EndTime "10:05:31 PST"]
[Termination "WelshTiger won by resignation"]

1. e4 d5 2. exd5 Qxd5 3. Nc3 Qd6 4. d4 Nf6 5. Nf3 c6 6. Bd3 Bg4 7. Ne4 Nxe4 8. Bxe4 Nd7 9. h3 Bh5 10. c3 Nf6 11.
Bd3 e6 12. O-O Be7 13. Re1 O-O 14. a3 a5 15. Be2 c5 16. Bg5 cxd4 17. Qxd4 Qxd4 18.
Nxd4 Bxe2 19. Rxe2 Rfd8 20. Nf5 Bxa3 21. Nh6+ gxh6 22.
Bxf6 Bxb2 23. Rxb2 Rd7 24. Rb5 h5 25. Rbxa5 Rc8 26.
Ra8 Rc7 27. Rxc8+ Rxc8 28. Kh2 h6 29. Kg3 Kh7 30. Rb1 Kg6 31. Bd4 Rc7 32. f4 f6 33.
Kf3 Rf7 34. Rb5 e5 35. Be3 exf4 36. Kxf4 Rd7 37. Bd4 Re7 38. Rb6 Rf7 39. h4 Kg7 40. Kf5 Rd7 41. Bxf6+ Kf7 42. Bd4 Rd5+ 43. Ke4 1-0

[Event "*** Titled Tuesday Blitz AM"]
[Site "Chess.com"]
[Date "2020.01.07"]
[Round "5"]
[White "Alopekos"]
[Black "peteseeger"]
[Result "0-1"]
[WhiteElo "2474"]
[BlackElo "2174"]
[TimeControl "180+2"]
[EndTime "10:05:37 PST"]
[Termination "peteseeger won on time"]

1. d4 g6 2. c4 Bg7 3. Nc3 d6 4. e4 e5 5. Nf3 exd4 6. Nxd4 Nc6 7. Nxc6 bxc6 8. Be2 Ne7 9. Bg5 h6 10. Be3 c5 11. Bf3 Rb8 12. Qd2 Nc6 13. Ne2 Rxb2 14. Qc1 Nb4 15. O-O Nc2 16. Nf4 Nxa1 17. Qxa1 O-O 18.
Qd1 Bb7 19. Nd5 Bxd5 20. Qxd5 Rxa2 21. g3 Qf6 22. Kg2 Ra1 23. e5 Qxe5 24. Rxa1 Qxa1 25. Bf4 a5 26. Bg4 a4 27. h4 h5 28. Bf3 a3 29.
g4 Qd4 30. Qxd4 Bxd4 0-1

[Event "*** Titled Tuesday Blitz AM"]
[Site "Chess.com"]
[Date "2020.01.07"]
[Round "5"]
[White "Rhinos1"]
[Black "2165149677570"]
[Result "1-0"]
[WhiteElo "2139"]
[BlackElo "2300"]
[TimeControl "180+2"]
[EndTime "10:05:38 PST"]
[Termination "Rhinos1 won by resignation"]

1. d4 Nf6 2. Nf3 b6 3. g3 Bb7 4. Bg2 e6 5. O-O c5 6. dxc5 Bxc5 7. c4 O-O 8. Nc3 Nc6 9. Ne5 Nxe5 10. Bxb7 Rb8 11.
Ba6 Qc7 12. Bf4 d6 13. a3 Ng6 14. b4 Nxf4 15. bxc5 Nh3+ 16. Kg2 Ng5 17. cxd6 Qc6+ 18. f3 Rfd8 19. h4 Rxd6 20. Qc2 Ng4 21. Qc1 Ne5 22. hxg5 Nxc4 23. Bb5 Qc5 24. Bxc4 Qxc4 25. Ne4 Qxe2+ 26. Rf2 1-0

[Event "*** Titled Tuesday Blitz AM"]
[Site "Chess.com"]
[Date "2020.01.07"]
[Round "5"]
[White "politeplayer"]
[Black "yy2324"]
[Result "1-0"]
[WhiteElo "2154"]
[BlackElo "2388"]
[TimeControl "180+2"]
[EndTime "10:05:39 PST"]
[Termination "politeplayer won by resignation"]

1. e4 c5 2. d4 cxd4 3. c3 Nf6 4. e5 Nd5 5. Nf3 Nc6 6. Bc4 Nb6 7. Bb3 d6 8. exd6 Qxd6 9. O-O Be6 10. Bxe6 Qxe6 11.
Re1 Qd7 12. cxd4 e6 13. Nc3 Be7 14. Be3 Nd5 15. Qb3 Nxe3 16. Rxe3 O-O 17. d5 exd5 18.
Nxd5 Bc5 19. Rd1 Qg4 20. h3 Qg6 21. Rc3 b6 22. Qa4 Rad8 23. Rxc5 bxc5 24. Qxc6 Qxc6 25. Ne7+ Kh8 26. Rxd8 Rxd8 27. Nxc6 Rd1+ 28. Kh2 Rd7 29. Nfe5 Rc7 30. Nd8 f6 31. Nec6 Kg8 32. Kg3 Rc8 33.
Ne7+ 1-0

[Event "*** Titled Tuesday Blitz AM"]
[Site "Chess.com"]
[Date "2020.01.07"]
[Round "5"]
[White "tigra"]
[Black "NZT72"]
[Result "1-0"]
[WhiteElo "2749"]
[BlackElo "2532"]
[TimeControl "180+2"]
[EndTime "10:05:46 PST"]
[Termination "tigra won on time"]

1. e4 e5 2. Nf3 Nc6 3. Bc4 Bc5 4. c3 Nf6 5. d3 d6 6. Nbd2 a6 7. Bb3 O-O 8. h3 Re8 9. Nf1 d5 10. Ng3 dxe4 11. Ng5 Rf8 12. N3xe4 Nxe4 13. Nxe4 Be7 14. Qf3 Na5 15. g4 Nxb3 16. axb3 Be6 17. b4 Qd5 18. Rg1 Rad8 19. Ke2 Kh8 20. Ra5 Qb3 21. Rxe5 Qc2+ 22. Bd2 Qxb2 23. Qe3 Bd6 24. Nxd6 Rxd6 25. f4 Bd7 26. Re1 f6 27. Re7 Kg8 28. Kf1 Bb5 29. Kg1 Bxd3 30. Rxc7 Bb5 31. Qe7 1-0

[Event "*** Titled Tuesday Blitz AM"]
[Site "Chess.com"]
[Date "2020.01.07"]
[Round "5"]
[White "Triumphmate"]
[Black "Daxasy"]
[Result "1-0"]
[WhiteElo "2611"]
[BlackElo "2814"]
[TimeControl "180+2"]
[EndTime "10:05:49 PST"]
[Termination "Triumphmate won on time"]

1. e4 e6 2. Nf3 d5 3. exd5 exd5 4. d4 Nc6 5. c3 Bg4 6. Bd3 Qd7 7. Be3 O-O-O 8. Nbd2 Bd6 9. Qc2 Nge7 10. O-O-O Bf5 11.
Nb3 Bxd3 12. Rxd3 Rhe8 13. h3 Nf5 14. Kb1 Nxe3 15. Rxe3 Rxe3 16. fxe3 f5 17. Nc1 Re8 18. Re1 Bg3 19. Re2 g6 20. Nd3 Bd6 21. b3 Qe7 22.
c4 dxc4 23. bxc4 Nb4 24. Nxb4 Bxb4 25. c5 Qe4 26. Kb2 f4 27. Qb3 Ba5 28. Qb5 b6 29. Ng5 Qe7 30. e4 Rd8 31. Qa6+ Kb8 32. Nf3 Qd7 33. Kb3 Re8 34. d5 1-0

[Event "*** Titled Tuesday Blitz AM"]
[Site "Chess.com"]
[Date "2020.01.07"]
[Round "5"]
[White "MiroVlasenko"]
[Black "INLOVEWITHF"]
[Result "1-0"]
[WhiteElo "2695"]
[BlackElo "2458"]
[TimeControl "180+2"]
[EndTime "10:05:50 PST"]
[Termination "MiroVlasenko won by resignation"]

1. d4 d5 2. Bf4 Nf6 3. e3 c5 4. Nc3 a6 5. dxc5 e6 6. b4 Nc6 7. a3 e5 8. Bg5 Be6 9. Nf3 Be7 10.
Be2 h6 11. Bh4 d4 12. exd4 exd4 13. Bxf6 Bxf6 14. Ne4 Be7 15. O-O O-O 16. Bd3 f5 17. Ned2 Bf6 18. Nc4 a5 19. Re1 Bd5 20. Nb6 Rb8 21.
Bxf5 d3 22. Nxd5 Bxa1 23. Be6+ Kh8 24. Qxa1 Rxf3 25. gxf3 Qg5+ 26. Kh1 d2 27. Rg1 Qe5 28.
Qxe5 Nxe5 29. Rd1 Nxf3 30. Bg4 Ne5 31. Be2 axb4 32. axb4 Rf8 33. Kg2 Re8 34. Rxd2 Nc6 35. c3 Ne5 36. Nf4 Nf7 37. Ng6+ Kg8 38. Bc4 1-0

[Event "*** Titled Tuesday Blitz AM"]
[Site "Chess.com"]
[Date "2020.01.07"]
[Round "5"]
[White "miroslavsavic"]
[Black "TST2014"]
[Result "0-1"]
[WhiteElo "2081"]
[BlackElo "2542"]
[TimeControl "180+2"]
[EndTime "10:05:51 PST"]
[Termination "TST2014 won on time"]

1. Nf3 Nf6 2. c4 g6 3. Nc3 Bg7 4. g3 O-O 5. Bg2 d6 6. d4 c5 7. O-O Nc6 8. b3 cxd4 9. Nxd4 Nxd4 10. Qxd4 Ne4 11. Qxe4 Bxc3 12. Bh6 Bxa1 13. Bxf8 Qxf8 14. Rxa1 Qg7 15. Rd1 Qf6 16. b4 Kg7 17. c5 dxc5 18.
bxc5 Rb8 19. h4 Bf5 20. Qb4 b6 21. c6 Rc8 22. Qa4 a5 23. Qb5 Bg4 24. f3 Bf5 25. Qxb6 Rxc6 26. Qxa5 Ra6 27. Qd2 Be6 28. e4 Rxa2 29. Qd4 Bb3 30. Qxf6+ Kxf6 31. Rb1 Bc2 32. Rb6+ e6 33. f4 Bd3 34. e5+ Kf5 0-1

[Event "*** Titled Tuesday Blitz AM"]
[Site "Chess.com"]
[Date "2020.01.07"]
[Round "5"]
[White "Alexander_Donchenko"]
[Black "ristingho"]
[Result "1-0"]
[WhiteElo "2725"]
[BlackElo "2507"]
[TimeControl "180+2"]
[EndTime "10:05:52 PST"]
[Termination "Alexander_Donchenko won by resignation"]

1. e4 c5 2. Nf3 d6 3. Bb5+ Bd7 4. Bxd7+ Qxd7 5. c4 Nc6 6. Nc3 Nf6 7. d4 cxd4 8.
Nxd4 g6 9. f3 Bg7 10. Be3 O-O 11.
O-O Rfc8 12. Nde2 a6 13. Na4 b5 14. Nb6 Qb7 15. cxb5 axb5 16. Qd2 Nd7 17. Nxa8 Qxa8 18. Rfc1 h5 19. Nd4 Nxd4 20. Rxc8+ Qxc8 21. Bxd4 Bxd4+ 22. Qxd4 Qc2 23. Qc3 Qa4 24. b3 Qa7+ 25. Kh1 Ne5 26. a4 bxa4 27. bxa4 h4 28. h3 Nd7 29. a5 Nc5 30. a6 f6 31. Qb4 Kg7 32. Qb5 f5 33.
exf5 gxf5 34. Qc4 Kf6 35. Qxh4+ Ke6 36. Qc4+ Kf6 37. Qd5 Nxa6 38. Qc4 Qf2 39. Qxa6 1-0

[Event "*** Titled Tuesday Blitz AM"]
[Site "Chess.com"]
[Date "2020.01.07"]
[Round "5"]
[White "MartinMatthiesen"]
[Black "1stSecond"]
[Result "0-1"]
[WhiteElo "2564"]
[BlackElo "2822"]
[TimeControl "180+2"]
[EndTime "10:05:54 PST"]
[Termination "1stSecond won on time"]

1. d4 Nf6 2. c4 e6 3. Nf3 a6 4.
Nc3 d5 5. cxd5 exd5 6. Bg5 Be6 7. e3 Nbd7 8. Bd3 Bd6 9. O-O c6 10. Qc2 Qc7 11. Bh4 O-O 12. Bg3 h6 13. Rfe1 Rfe8 14.
Rab1 Rac8 15. b4 b5 16. e4 Bxg3 17. hxg3 dxe4 18. Nxe4 Nxe4 19. Bxe4 Nf6 20. Bd3 Qd6 21. a3 Red8 22. Rbd1 a5 23. Qb2 axb4 24. axb4 Nd5 25.
Rb1 Nb6 26. Red1 Ra8 27. Ne5 Ra2 28. Qc1 Bd5 29. Rd2 Rda8 30. Rxa2 Rxa2 31. Qc5 Qf6 32.
Rf1 Qd8 33. Re1 Qf6 34. Rf1 Na4 35. Qa7 g6 36. Qd7 Nb6 37. Qc7 Nc4 38. Bxc4 bxc4 39. Qc8+ Kg7 40. Nd7 Qe7 41. b5 cxb5 0-1

[Event "*** Titled Tuesday Blitz AM"]
[Site "Chess.com"]
[Date "2020.01.07"]
[Round "5"]
[White "nouma78"]
[Black "XxPetroffsxX"]
[Result "1-0"]
[WhiteElo "2531"]
[BlackElo "1985"]
[TimeControl "180+2"]
[EndTime "10:05:54 PST"]
[Termination "nouma78 won by resignation"]

1. d4 d5 2. c4 e6 3. Nc3 Nf6 4. cxd5 exd5 5. Bg5 Be7 6. Qc2 c6 7. e3 O-O 8. Bd3 h6 9. Bh4 Re8 10. Nge2 Ne4 11. Bxe7 Qxe7 12. O-O Nd7 13. Rae1 Ndf6 14. f3 Nxc3 15. Nxc3 b5 16. Qf2 b4 17. Na4 a5 18.
Re2 Ba6 19. Bxa6 Rxa6 20. Rc1 Nd7 21. Rcc2 Rc8 22. Qe1 c5 23. dxc5 Nxc5 24. Rxc5 Rxc5 25. Nxc5 Qxc5 26. Rd2 Re6 27. Kf2 f5 28. Rd4 Qxd4 29.
exd4 Rxe1 30. Kxe1 Kf7 31. Kd2 f4 32. Kc2 a4 33. a3 Ke6 34. axb4 Kd6 35. Kb1 Kc6 36. Ka2 Kb5 37. Ka3 g5 38. b3 axb3 39. Kxb3 h5 40. h3 h4 41. Ka3 Kc4 42. Ka4 Kxd4 43. b5 Kc5 44. Ka5 d4 45. b6 Kc6 46. Ka6 d3 47.
b7 d2 48. b8=Q d1=Q 49. Qc8+ 1-0

[Event "*** Titled Tuesday Blitz AM"]
[Site "Chess.com"]
[Date "2020.01.07"]
[Round "5"]
[White "mikhaillushenkov"]
[Black "hansen"]
[Result "0-1"]
[WhiteElo "2647"]
[BlackElo "2902"]
[TimeControl "180+2"]
[EndTime "10:05:55 PST"]
[Termination "hansen won by resignation"]

1. Nf3 d5 2. e3 g6 3. c4 c6 4. Nc3 Nf6 5. d4 Bg7 6. Be2 O-O 7. O-O Bg4 8. cxd5 Nxd5 9. Nxd5 Qxd5 10. h3 Bf5 11. Bd2 Nd7 12. Bc3 Be4 13. Ne1 Qd6 14.
Bf3 Nf6 15. Qb3 b6 16. Rc1 Rfc8 17. Bxe4 Nxe4 18. Nf3 e6 19. Rfd1 Qd5 20. Be1 Qxb3 21. axb3 c5 22. Bc3 a5 23. Kf1 b5 24. Ke2 f5 25. d5 exd5 26. Rxd5 Bxc3 27. bxc3 b4 28. cxb4 axb4 29. Ke1 Ra2 30. Nd2 Nc3 31. Rd7 Rca8 32. h4 Rc2 33. Rd8+ Kf7 0-1

[Event "*** Titled Tuesday Blitz AM"]
[Site "Chess.com"]
[Date "2020.01.07"]
[Round "5"]
[White "Nathan_Filgueiras"]
[Black "Megagigahiper3345"]
[Result "0-1"]
[WhiteElo "2311"]
[BlackElo "2436"]
[TimeControl "180+2"]
[EndTime "10:06:02 PST"]
[Termination "Megagigahiper3345 won by resignation"]

1. e4 g6 2. d4 Bg7 3. Nc3 d6 4. f4 a6 5. Nf3 b5 6. Bd3 Nd7 7. e5 c5 8. exd6 cxd4 9. Nd5 exd6 10. O-O Ngf6 11. Re1+ Kf8 12. Nxf6 Bxf6 13. f5 Kg7 14. Bf4 Nc5 15. fxg6 hxg6 16. Bf1 Qb6 17. Bg3 Bb7 18. Bf2 Bxf3 19. Qxf3 Be5 20. h3 f5 21. Rad1 Ne4 22. c3 Nxf2 23. Qxf2 Rhe8 24. Kh1 Bf6 25. cxd4 Rxe1 26.
Qxe1 Kf7 27. Qe3 Re8 28. Qb3+ Kg7 29. d5 Qf2 30. Qa3 Bd4 31. Rxd4 Qxd4 32. Qxd6 Re1 33. Qd7+ Kh6 0-1

[Event "*** Titled Tuesday Blitz AM"]
[Site "Chess.com"]
[Date "2020.01.07"]
[Round "5"]
[White "TBergh98"]
[Black "zurzan"]
[Result "1-0"]
[WhiteElo "2362"]
[BlackElo "1962"]
[TimeControl "180+2"]
[EndTime "10:06:06 PST"]
[Termination "TBergh98 won by resignation"]

1. d4 f5 2. e4 fxe4 3. Nc3 Nf6 4. Bg5 g6 5. Bxf6 exf6 6. Nxe4 Qe7 7. Qe2 Bg7 8. O-O-O d5 9. Ng3 Qxe2 10. Bxe2 O-O 11. h4 h5 12. Bd3 f5 13. c3 Nd7 14.
Nh3 Nf6 15. f3 Kh7 16. Ng5+ Kg8 17. Rhe1 Bd7 18. Ne2 Rae8 19. Nf4 Bh6 20. Nxg6 Rxe1 21. Rxe1 Re8 22. Rxe8+ Nxe8 23. Ne7+ Kg7 24. Nxf5+ Bxf5 25. Bxf5 Nd6 26. Be6 c6 27. Kb1 Kf6 28. Bh3 Bxg5 29. hxg5+ Kxg5 30. Kc2 Kf4 31. Kd3 h4 32. b3 Nf7 33.
Ke2 Kg3 34. Kf1 b6 35. Bd7 Nd8 36. Bh3 Nf7 37. b4 Ng5 38. Bd7 c5 39. bxc5 bxc5 40. dxc5 Nf7 41. c6 Nd6 42. c7 Kf4 43. c8=Q Nxc8 44.
Bxc8 Ke3 45. Be6 d4 46. cxd4 Kxd4 47. Kg1 Kc3 48. Kh2 a5 49. Kh3 a4 50. Kxh4 1-0

[Event "*** Titled Tuesday Blitz AM"]
[Site "Chess.com"]
[Date "2020.01.07"]
[Round "5"]
[White "wild_cat99"]
[Black "levallem"]
[Result "1-0"]
[WhiteElo "2415"]
[BlackElo "2190"]
[TimeControl "180+2"]
[EndTime "10:06:07 PST"]
[Termination "wild_cat99 won by resignation"]

1. e4 c5 2. Nf3 g6 3. d4 cxd4 4.
Nxd4 Nc6 5. c4 Nf6 6. f3 Bg7 7. Be3 O-O 8. Nc3 d6 9. Qd2 Nxd4 10. Bxd4 Be6 11. Rc1 Qa5 12. Be2 Rfc8 13. b3 a6 14. O-O Rc6 15. Rfd1 Rac8 16. Qe3 Nd7 17. Bxg7 Kxg7 18. Nd5 Bxd5 19. exd5 Qc5 20. Rd4 R6c7 21. Kh1 Nf6 22. Qc3 Kg8 23. Qd2 b5 24. Rd1 Qa3 25. f4 bxc4 26. Bxc4 a5 27. f5 a4 28. fxg6 fxg6 29. Rh4 axb3 30. axb3 Qc5 31. Rf1 Rf8 32. Qh6 Rf7 33. h3 Qe3 34. Qxe3 1-0

[Event "*** Titled Tuesday Blitz AM"]
[Site "Chess.com"]
[Date "2020.01.07"]
[Round "5"]
[White "Atakishiyev04"]
[Black "RojonR"]
[Result "1-0"]
[WhiteElo "2689"]
[BlackElo "2452"]
[TimeControl "180+2"]
[EndTime "10:06:13 PST"]
[Termination "Atakishiyev04 won on time"]

1. d4 Nf6 2. c4 e5 3. dxe5 Ng4 4. e3 Nxe5 5. Nc3 Bb4 6. f4 Nec6 7. Nf3 Bxc3+ 8. bxc3 Na6 9. Bd3 Nc5 10. Bc2 d6 11. O-O Be6 12. Ba3 Bxc4 13. Re1 O-O 14. Bxc5 dxc5 15. Qb1 h6 16. Qxb7 Qf6 17. Be4 Ne7 18.
Ne5 Be6 19. Qxc7 Rfc8 20. Qb7 Rab8 21. Qxa7 Ng6 22. Bxg6 fxg6 23. a4 Bf5 24. a5 Be4 25. Qd7 Rd8 26. Qg4 Rd2 27. Nf3 Rc2 28. a6 Rbb2 29.
a7 Rxg2+ 30. Qxg2 Rxg2+ 31. Kxg2 Ba8 32. Rab1 Kh7 33. Rb8 Qc6 34. e4 g5 35. f5 c4 36.
Ne5 1-0

[Event "*** Titled Tuesday Blitz AM"]
[Site "Chess.com"]
[Date "2020.01.07"]
[Round "5"]
[White "dolynachess"]
[Black "Anna_ChessMate"]
[Result "0-1"]
[WhiteElo "2371"]
[BlackElo "2590"]
[TimeControl "180+2"]
[EndTime "10:06:22 PST"]
[Termination "Anna_ChessMate won on time"]

1. d4 d5 2. c4 c6 3. Nc3 Nf6 4. cxd5 cxd5 5. Bf4 Nc6 6. Nf3 Bf5 7. e3 e6 8. Bd3 Bxd3 9. Qxd3 Bd6 10. Bg5 h6 11. Bh4 O-O 12. O-O a6 13. Rfc1 Rc8 14. Na4 g5 15.
Bg3 Ne4 16. a3 Ne7 17. b4 b6 18. Qxa6 Ra8 19. Qb5 Bxg3 20. hxg3 Nd6 21. Qxb6 Rxa4 22.
Rc7 Nc4 23. Qb7 Nf5 24. Ne5 Nfd6 25. Qc6 Ra6 26. Qxa6 Qxc7 27. b5 Nxe5 28. dxe5 Nc4 29. a4 Qxe5 30. Rb1 Nd2 31. Rd1 Ne4 32. b6 Qb2 33.
Rf1 Rb8 34. a5 Nd2 35. Qa7 Qe5 36. Rc1 Nc4 37. Rb1 Qd6 38. Rb5 Qd8 39. Qc7 Nd6 40. Qxd8+ Rxd8 41. Rc5 Nb7 42. Rb5 Ra8 0-1

[Event "*** Titled Tuesday Blitz AM"]
[Site "Chess.com"]
[Date "2020.01.07"]
[Round "5"]
[White "Ovsiannikov_Maxim"]
[Black "BestByTestbro"]
[Result "0-1"]
[WhiteElo "2378"]
[BlackElo "2190"]
[TimeControl "180+2"]
[EndTime "10:06:24 PST"]
[Termination "BestByTestbro won by checkmate"]

1. d4 Nf6 2. Bg5 c5 3. d5 Qb6 4. Nc3 Qxb2 5. Bd2 Qb6 6. e4 d6 7. f4 g6 8. Nf3 Bg7 9. Rb1 Qd8 10. e5 dxe5 11. fxe5 Nxd5 12. Bb5+ Nc6 13. Nxd5 Qxd5 14. c4 Qe4+ 15. Kf2 O-O 16. Re1 Qg4 17. Bxc6 bxc6 18. h3 Qe6 19. Qe2 Ba6 20. Rbc1 Rfd8 21. Ng5 Qf5+ 22.
Kg1 h6 23. g4 Qd7 24. Nf3 Qd3 25. e6 Qxe2 26. exf7+ Kxf7 27. Rxe2 Rd3 28. Bxh6 Rxf3 29.
Bxg7 Kxg7 30. Rxe7+ Rf7 31. Re6 Rf4 32. Rxc6 Bxc4 33.
Rxc5 Bxa2 34. Ra1 Be6 35. Rc6 Bd5 36. Rc5 Bf7 37. Ra6 Rf6 38. Raa5 Rb6 39. Rc7 a6 40.
Rd5 Kf6 41. Rdd7 Be6 42. Rd2 a5 43. Kh2 a4 44. Rf2+ Kg5 45. Rc5+ Kh6 46. Rc7 a3 47. Kg3 Rb3+ 48. Kh4 g5# 0-1

[Event "*** Titled Tuesday Blitz AM"]
[Site "Chess.com"]
[Date "2020.01.07"]
[Round "5"]
[White "Atanejhad"]
[Black "Butterfly"]
[Result "0-1"]
[WhiteElo "2405"]
[BlackElo "2363"]
[TimeControl "180+2"]
[EndTime "10:06:33 PST"]
[Termination "Butterfly won on time"]

1. e4 d5 2. exd5 Qxd5 3. Nc3 Qd6 4. Nf3 Nf6 5. d4 Bg4 6. h3 Bh5 7. g4 Bg6 8. Ne5 e6 9. Bg2 c6 10. O-O Nbd7 11. Bf4 Qb4 12. Rb1 Nxe5 13. Bxe5 Nd7 14. a3 Qb6 15. Bf4 Be7 16. Re1 O-O 17. Ne4 Rad8 18. Be3 Nf6 19. Nd2 Nd5 20. Nc4 Nxe3 21. fxe3 Qc7 22. Rc1 Bh4 23. Rf1 Bg3 24. c3 e5 25. Nd2 exd4 26. exd4 Rfe8 27. Nf3 Bf4 28. Ra1 Be4 29. Qb3 Be3+ 30. Kh1 Qg3 31. Qxb7 Bf4 32.
Kg1 Rb8 33. Qxa7 Rxb2 0-1

[Event "*** Titled Tuesday Blitz AM"]
[Site "Chess.com"]
[Date "2020.01.07"]
[Round "5"]
[White "RubensCezila"]
[Black "garfield_pg"]
[Result "0-1"]
[WhiteElo "2578"]
[BlackElo "2381"]
[TimeControl "180+2"]
[EndTime "10:06:34 PST"]
[Termination "garfield_pg won by checkmate"]

1. b3 c5 2. Bb2 Nc6 3. e3 d5 4. Bb5 a6 5. Bxc6+ bxc6 6. f4 Nf6 7. Nf3 Bg4 8. h3 Bxf3 9. Qxf3 e6 10. d3 Be7 11. g4 O-O 12. g5 Nd7 13. h4 c4 14.
bxc4 dxc4 15. e4 cxd3 16. cxd3 Qb6 17. Bc3 Bb4 18. Qf2 Qa5 19. Qd2 Nc5 20. Rh3 Bxc3 21. Qxc3 Qb5 22. Nd2 Rfd8 23. Nc4 Na4 24. Qc2 Rab8 25.
h5 Qc5 26. Rh1 Rb2 27. Qxa4 Qf2+ 28. Kd1 Rxd3+ 29. Kc1 Rc3+ 30. Kd1 Qe2# 0-1

[Event "*** Titled Tuesday Blitz AM"]
[Site "Chess.com"]
[Date "2020.01.07"]
[Round "5"]
[White "Sethu0025"]
[Black "Vugar_Manafov"]
[Result "0-1"]
[WhiteElo "2794"]
[BlackElo "2565"]
[TimeControl "180+2"]
[EndTime "10:06:37 PST"]
[Termination "Vugar_Manafov won by resignation"]

1. e4 Nf6 2. e5 Nd5 3. d4 d6 4. Nf3 Nb6 5. Be2 g6 6. c4 Bg7 7. exd6 cxd6 8. Nc3 O-O 9. Be3 Bg4 10. b3 Nc6 11.
Rc1 d5 12. c5 Nc8 13. O-O e6 14.
a3 N8e7 15. b4 Bxf3 16. Bxf3 Nf5 17. Ne2 Qf6 18. b5 Ncxd4 19. Nxd4 Nxd4 20. Bxd4 Qxd4 21. Qxd4 Bxd4 22. Rfd1 Bb2 23. Rc2 Bxa3 24. Ra1 Bb4 25. c6 bxc6 26. bxc6 Rfc8 27. Ra6 Rc7 28. Be2 Rd8 29. Kf1 e5 30. Rb2 Bc5 31. Rc2 Bb6 32. Ra3 e4 33. Bb5 d4 34. Rc4 f5 35. Ra1 d3 36. Rd1 Kg7 37. Ba6 Rd4 38. Rxd4 Bxd4 39. Bb7 a5 40. Rb1 f4 41. Rb5 e3 42. fxe3 fxe3 43. Rb3 e2+ 44. Ke1 Bf2+ 45. Kxf2 Rf7+ 0-1

[Event "*** Titled Tuesday Blitz AM"]
[Site "Chess.com"]
[Date "2020.01.07"]
[Round "5"]
[White "Mikasinski"]
[Black "IMRosen"]
[Result "0-1"]
[WhiteElo "2316"]
[BlackElo "2571"]
[TimeControl "180+2"]
[EndTime "10:06:38 PST"]
[Termination "IMRosen won by checkmate"]

1. e4 c5 2. Nf3 e6 3. d4 cxd4 4. Nxd4 Nc6 5. Nc3 Qc7 6. Be2 a6 7. O-O Nf6 8. Be3 Bb4 9. Na4 O-O 10. Nxc6 bxc6 11. Nb6 Rb8 12. Nxc8 Rfxc8 13. Qd4 Bd6 14. f4 e5 15. fxe5 Bxe5 16. Qa4 Rxb2 17. Rab1 Bxh2+ 18.
Kh1 Rxb1 19. Rxb1 Qg3 20. Bf3 Qh4 21. Bg5 Qxg5 22. Kxh2 Qf4+ 23. Kg1 Qe3+ 24. Kh2 Qf4+ 25. Kg1 Re8 26. Qxa6 Qe3+ 27. Kh2 h5 28. Qf1 Ng4+ 29.
Bxg4 hxg4 30. Re1 Qh6+ 31. Kg3 g5 32. Qh1 Qd6+ 33. Kxg4 Qf4+ 34. Kh5 Kg7 35. g4 Rh8# 0-1

[Event "*** Titled Tuesday Blitz AM"]
[Site "Chess.com"]
[Date "2020.01.07"]
[Round "5"]
[White "GelmanAlexander"]
[Black "dianosky"]
[Result "0-1"]
[WhiteElo "2466"]
[BlackElo "2358"]
[TimeControl "180+2"]
[EndTime "10:06:39 PST"]
[Termination "dianosky won on time"]

1. e4 c5 2. b4 cxb4 3. a3 bxa3 4. d4 d5 5. e5 Nc6 6. c3 Bf5 7. Nxa3 a6 8. Ne2 e6 9. Ng3 Bg6 10. h4 h6 11. h5 Bh7 12. Bd3 Bxd3 13. Qxd3 b5 14.
O-O Nge7 15. f4 Nc8 16. f5 Nb6 17. fxe6 fxe6 18. Qg6+ Kd7 19. Rf7+ Ne7 20. Ne2 Qc8 21. Nf4 Qxc3 22. Qxe6+ Ke8 23. Nxb5 axb5 24. Rxa8+ Nxa8 25. Nxd5 Qxc1+ 26. Kh2 Qg5 27. Nf6+ gxf6 28. Rxf6 Nc7 29. Qf7+ Kd7 30. Rd6+ Kc8 31. Qf3 Ned5 0-1

[Event "*** Titled Tuesday Blitz AM"]
[Site "Chess.com"]
[Date "2020.01.07"]
[Round "5"]
[White "chigorin28"]
[Black "hazy13"]
[Result "1-0"]
[WhiteElo "2407"]
[BlackElo "2221"]
[TimeControl "180+2"]
[EndTime "10:06:39 PST"]
[Termination "chigorin28 won by resignation"]

1. e4 c5 2. Nf3 g6 3. c3 Nf6 4. Bd3 Nc6 5. Bc2 Bg7 6. O-O d6 7. Re1 O-O 8. h3 Rb8 9. d4 cxd4 10. cxd4 Bd7 11. Nc3 Rc8 12. Bb3 a6 13. Qe2 b5 14. e5 Ne8 15. e6 Bxe6 16. Bxe6 fxe6 17.
Qxe6+ Kh8 18. Be3 Nc7 19. Qg4 Nb4 20. Red1 Nc2 21. Rac1 Nxe3 22. fxe3 b4 23. Ne4 Nd5 24. Neg5 Rxc1 25. Rxc1 Nxe3 26. Qh4 h6 27. Ne6 Qe8 28.
Nxf8 Qxf8 29. Qe4 Nf5 30. Rc7 Kh7 31. g4 Ng3 32. Qxe7 Kg8 33. Qxf8+ Kxf8 34. Kg2 Ne2 35. Ra7 Nxd4 36. Rxa6 Nxf3 37. Kxf3 Bxb2 38. Rxd6 Kg7 39. Ke4 Bc3 40. h4 Kf7 41. Rc6 Kg7 42. g5 hxg5 43. hxg5 Kf7 44. a4 Bd2 45. Rc7+ Ke6 46.
Rg7 Bxg5 47. Rxg6+ Bf6 48. Kd3 Kf7 49. Rg4 b3 50. Re4 b2 51. Kc2 Kg6 52. a5 Kf5 53. Re2 Bd4 54. a6 Kf4 55. Re7 Bc5 56. Rf7+ Ke5 57.
a7 b1=Q+ 58. Kxb1 1-0

[Event "*** Titled Tuesday Blitz AM"]
[Site "Chess.com"]
[Date "2020.01.07"]
[Round "5"]
[White "econpower"]
[Black "lucasmito"]
[Result "1/2-1/2"]
[WhiteElo "2617"]
[BlackElo "2443"]
[TimeControl "180+2"]
[EndTime "10:06:44 PST"]
[Termination "Game drawn by repetition"]

1. c4 e5 2. g3 Nf6 3. Bg2 d5 4. cxd5 Nxd5 5. Nc3 Nb6 6. Nf3 Nc6 7. O-O Be7 8. Rb1 O-O 9. b4 Nxb4 10. Nxe5 c6 11.
a3 N4d5 12. Nxd5 Nxd5 13. e4 Nc7 14. d4 Nb5 15. d5 Nc3 16. Qb3 Nxb1 17. dxc6 Nd2 18.
Bxd2 Qxd2 19. cxb7 Bxb7 20. Qxb7 Bxa3 21. Nc4 Qc3 22.
Nxa3 Qxa3 23. e5 Rab8 24. Qd7 Rbd8 25. Qb7 Qc5 26. Qb2 Rb8 27. Qa2 Qxe5 28. Qxa7 g6 29. h4 Rfd8 30. Bf3 Rb3 31. Bg2 Qd4 32. Qxd4 Rxd4 33.
Bh1 Rd2 34. Bg2 Rbb2 35. Bf3 Kg7 36. Kg2 f5 37. Kg1 Kf6 38. Kg2 g5 39. hxg5+ Kxg5 40. Kg1 h5 41. Kg2 Rb5 42. Rh1 Rbb2 43. Rf1 f4 44.
gxf4+ Kxf4 45. Bxh5 Rb5 46. Rh1 Rc2 47. Rh4+ Kg5 48.
Rh2 Rbb2 49. Kg3 Rc3+ 50. Kg2 Rcc2 51. Kg3 Rb3+ 52. Kg2 Rbb2 1/2-1/2

[Event "*** Titled Tuesday Blitz AM"]
[Site "Chess.com"]
[Date "2020.01.07"]
[Round "5"]
[White "esskeettit"]
[Black "NewBornNow"]
[Result "1-0"]
[WhiteElo "2469"]
[BlackElo "2671"]
[TimeControl "180+2"]
[EndTime "10:06:46 PST"]
[Termination "esskeettit won by checkmate"]

1. d4 d6 2. Nf3 Nf6 3. c4 g6 4. Nc3 Bf5 5. Nh4 Bd7 6. e4 Bg7 7. Be2 e5 8. Be3 exd4 9. Bxd4 Nc6 10. Nf3 Nxd4 11. Nxd4 O-O 12. O-O Re8 13. f3 c6 14.
Kh1 Qb6 15. Nb3 Qc7 16. Qd2 Rad8 17. Rad1 Bc8 18. Qf4 Nh5 19. Qh4 f5 20. c5 dxc5 21. Bc4+ Kh8 22. Nxc5 Bf6 23. Qf2 Rxd1 24. Rxd1 b6 25.
Nd3 Nf4 26. Nxf4 Qxf4 27. Ne2 Qe5 28. Nc3 fxe4 29. Nxe4 Qxb2 30. Qg3 Be5 31. Qh4 Qc2 32. Bb3 Qe2 33. Ng5 h5 34. Nf7+ Kg7 35. Qg5 Bf6 36.
Qc1 Bf5 37. Qh6+ Kg8 38. Ng5+ Re6 39. Qh7+ Kf8 40. Qf7# 1-0

[Event "*** Titled Tuesday Blitz AM"]
[Site "Chess.com"]
[Date "2020.01.07"]
[Round "5"]
[White "Er_is_geen_hoop_meer"]
[Black "PotapovaM"]
[Result "0-1"]
[WhiteElo "2362"]
[BlackElo "2515"]
[TimeControl "180+2"]
[EndTime "10:06:48 PST"]
[Termination "PotapovaM won by checkmate"]

1. b4 e5 2. a3 Nf6 3. Bb2 e4 4. d3 exd3 5. cxd3 d5 6. Nf3 Be7 7. g3 O-O 8. Bg2 c6 9. O-O a5 10. b5 cxb5 11. Nc3 b4 12. axb4 Bxb4 13. Ra2 Nc6 14. Qa1 Be6 15. Nb5 h6 16. Nfd4 Nxd4 17. Nxd4 Qe7 18. h3 Qd7 19. Kh2 Rfc8 20. f4 Qe7 21. g4 Bd7 22. g5 hxg5 23. fxg5 Qe5+ 24. Kh1 Qxg5 25. Rg1 Ng4 26. Qf1 Qh4 27.
Bxd5 Nf2+ 28. Kg2 Bxh3+ 29. Kf3 Bxf1 30. Nf5 Qh5+ 31. Kf4 Nh3+ 32. Ke3 Re8+ 33. Kd4 Nxg1 34. e4 Ne2+ 35. Kc4 Rac8+ 36. Kb5 Bh3 37. Nxg7 Bd7+ 38.
Kb6 Qh6+ 39. Kxb7 Bc6+ 40. Ka7 Bc5+ 41. Ka6 Bxd5+ 42. Kb5 Qc6+ 43. Kxa5 Ra8# 0-1